 Dungeon Crawl Stone Soup version 0.29.1-1-gd02db6906a (webtiles) character file.

Game seed: 11978262583107396367

466 croobank the Sneak (level 7, -5/44 HPs)
             Began as an Octopode Summoner on Oct 19, 2022.
             Shot with an arrow by a centaur (10 damage)
             ... on level 5 of the Dungeon.
             The game lasted 00:14:15 (6159 turns).

croobank the Sneak (Octopode Summoner)              Turns: 6159, Time: 00:14:15

Health: -5/44      AC:  1    Str:  8    XL:     7   Next: 8%
Magic:  5/12       EV: 14    Int: 19    God:
Gold:   132        SH:  0    Dex: 12    Spells: 3/12 levels left

rFire   . . .      SeeInvis .   c - +0 broad axe
rCold   . . .      Faith    .   (no shield)
rNeg    . . .      Spirit   .   (helmet restricted)
rPois   .          Reflect  .   (no amulet)
rElec   .          Harm     .   t - ring of resist corrosion
rCorr   +          Rampage  .   w - ring of flight
Will    .....                   (no ring)
Stlth   ++++......              (no ring)
HPRegen 0.14/turn               (no ring)
MPRegen 0.13/turn               (no ring)
                                (no ring)
                                (no ring)

@: flying
A: almost no armour, amphibious, 8 rings, camouflage 1, gelatinous body 1,
(nimble swimmer 1), tentacles
a: no special abilities


You were on level 5 of the Dungeon.
You visited 1 branch of the dungeon, and saw 5 of its levels.

You collected 178 gold pieces.
You spent 46 gold pieces at shops.

Inventory:

Hand Weapons
 c - a +0 broad axe (weapon)
 l - a +0 flail
 u - a +2 vorpal long sword
Missiles
 k - 5 javelins
Armour
 b - a +1 kite shield of reflection
 d - a +0 tower shield
Jewellery
 t - a ring of resist corrosion (left tentacle)
 w - a ring of flight (right tentacle)
Wands
 n - a wand of mindburst (19)
 x - a wand of quicksilver (14)
Scrolls
 a - a scroll of enchant weapon {unknown}
 e - a scroll of amnesia {unknown}
 m - a scroll of summoning {unknown}
 o - a scroll of blinking {unknown}
 p - 6 scrolls of poison {unknown}
 q - 3 scrolls of teleportation {unknown}
 r - a scroll of fear {unknown}
 s - a scroll of butterflies {unknown}
Potions
 f - 7 potions of curing
 g - 4 potions of might
 h - 2 potions of flight
 i - 2 potions of attraction
 j - a potion of mutation


   Skills:
 * Level 1.8 Fighting
 + Level 0.0 Axes
 * Level 3.7 Dodging
 * Level 5.2 Stealth
 * Level 3.4 Spellcasting
 * Level 2.0 Hexes
 * Level 5.0 Summonings


You had 3 spell levels left.
You knew the following spells:

 Your Spells              Type           Power      Damage    Failure   Level
a - Summon Small Mammal   Summ           88%        N/A       1%          1
b - Call Imp              Summ           22%        N/A       2%          2
c - Call Canine Familiar  Summ           22%        N/A       5%          3
d - Summon Guardian Gole  Hex/Summ       16%        N/A       10%         3

Your spell library contained the following spells:

 Spells                   Type           Power      Damage    Failure   Level
 Summon Lightning Spire   Summ/Air       12%        N/A       45%         4


Dungeon Overview and Level Annotations

Branches:
Dungeon (5/15)
 Temple: D:4-7

Altars:

Shops:
D:4 *


Innate Abilities, Weirdness & Mutations

You cannot wear most types of armour.
You are amphibious.
You can wear up to eight rings at the same time.
Your skin changes colour to match your surroundings (Stealth+).
Your rubbery body absorbs attacks. (AC +1, EV +1)
((You are camouflaged when in or above water. (Stealth+)))
You have tentacles for arms and can constrict up to eight enemies at once.


Message History

Your bat disappears in a puff of smoke!
Your hound disappears in a puff of smoke!
There is a stone staircase leading down here.
You now have 132 gold pieces (gained 12).
A centaur comes into view.
Casting: Summon Small Mammal (safe; 1% risk of failure)
Confirm with . or Enter, or press ? or * to list all spells.
A guardian golem appears, shielding your allies.
The centaur wields a +0 shortbow.
The centaur shoots an arrow.
The arrow hits your guardian golem.
The centaur shoots an arrow.
The arrow hits your guardian golem!
Casting: Summon Guardian Golem (dangerous; 10% risk of failure)
Confirm with . or Enter, or press ? or * to list all spells.
The centaur shoots an arrow.
The arrow hits your guardian golem.
Casting: Summon Small Mammal (safe; 1% risk of failure)
Confirm with . or Enter, or press ? or * to list all spells.
The centaur shoots an arrow.
The arrow hits your guardian golem!
The centaur shoots an arrow.
The arrow hits your guardian golem.
Your guardian golem overheats!
Found a scroll of identify.
The centaur shoots an arrow.
The arrow hits your guardian golem but does no damage.
The centaur shoots an arrow.
The arrow completely misses your guardian golem.
The arrow closely misses you.
Your quokka closely misses the centaur.
The centaur shoots an arrow.
The arrow hits your guardian golem! Flame seeps out of your guardian golem.
Your guardian golem is engulfed in blazing flames.
Flame seeps out of your guardian golem.
The centaur shoots an arrow.
The arrow hits your quokka!
Your quokka dies!
Your quokka's corpse disappears in a puff of smoke!
Your guardian golem disappears in a puff of smoke!
Your guardian golem explodes!
The fiery explosion engulfs you!!!
Ouch! That really hurt!
* * * LOW HITPOINT WARNING * * *
The fiery explosion engulfs the centaur!
The centaur is engulfed in blazing flames.
The centaur shoots an arrow.
The arrow hits you!
You die...

..........##..# ##c##
..#####.#.....#.##...
.....
.......÷........$...
....
..#####.#####.#..#.###
#.# ..# #.#####....#...
.. #.#
#.#..........##### # #.#
#.#.##............ #
#.#####.#.##............
#
................@§§.....


g)gg. ..........#.....#○c.###. g##.# ..###.#.#.#....h.§§.# # # ..#
#.#.#.#.)...##..# . ..###.#...)........... .. ..........).........?## ..#
..###.###.#.###.##.#.. ##.. ................^..##.. ..###.###.#...... . You
could see a centaur (ally target) and a friendly hound (summoned, sheltered).

Vanquished Creatures
  An orc priest (D:5)
  Natasha (thrice) (D:4)
  An orc wizard (D:3)
  An adder (D:2)
  An ufetubus (D:5)
  3 orcs
  An endoplasm (D:3)
  2 giant cockroaches (D:1)
  3 hobgoblins
  2 jackals
  A kobold (D:2)
  2 goblins (D:2)
  3 rats
24 creatures vanquished.

Vanquished Creatures (collateral kills)
  Blork the orc (D:5)
  A jelly (D:4)
  3 iguanas
  An orc wizard (D:3)
  3 adders
  A dart slug (D:3)
  5 orcs
  6 bats
  7 endoplasms
  4 giant cockroaches
  4 goblins
  3 hobgoblins
  6 jackals
  2 kobolds
  2 quokkas
  5 ball pythons
  5 frilled lizards (D:1)
  7 rats
66 creatures vanquished.

Grand Total: 90 creatures vanquished

Notes
Turn   | Place    | Note
-------+----------+-------------------------------------------
     0 | D:1      | croobank the Octopode Summoner began the quest for the Orb.
     0 | D:1      | Reached XP level 1. HP: 11/11 MP: 3/3
   522 | D:1      | Reached XP level 2. HP: 14/17 MP: 5/5
   605 | D:1      | Learned a level 2 spell: Call Imp
  1710 | D:2      | Reached XP level 3. HP: 15/21 MP: 2/6
  1714 | D:2      | Learned a level 3 spell: Call Canine Familiar
  3104 | D:3      | Reached XP level 4. HP: 27/27 MP: 0/7
  4006 | D:3      | Reached XP level 5. HP: 31/31 MP: 9/9
  4010 | D:3      | Learned a level 3 spell: Summon Guardian Golem
  4533 | D:4      | Reached skill level 1 in Hexes
  4604 | D:4      | Reached skill level 1 in Fighting
  4604 | D:4      | Reached XP level 6. HP: 4/38 MP: 4/10
  4955 | D:4      | Identified the +1 helmet "Jukonuf" {rF+ Str+6}
  4979 | D:4      | Noticed Natasha
  4991 | D:4      | Killed Natasha
  5040 | D:4      | Noticed Natasha
  5045 | D:4      | Found Busef's Assorted Antiques.
  5047 | D:4      | Killed Natasha
  5179 | D:4      | Bought a scroll of identify for 46 gold pieces
  5201 | D:4      | Identified a scroll of acquirement
  5201 | D:4      | Acquired a +1 kite shield of reflection
  5355 | D:4      | Noticed Natasha
  5366 | D:4      | Killed Natasha
  5689 | D:5      | Entered Level 5 of the Dungeon
  5708 | D:5      | Noticed Blork the orc
  5731 | D:5      | Killed Blork the orc
  5732 | D:5      | Reached skill level 5 in Stealth
  5732 | D:5      | Reached skill level 5 in Summonings
  5874 | D:5      | Reached XP level 7. HP: 21/44 MP: 2/12
  6159 | D:5      | Shot with an arrow by a centaur

Illustrated notes

Levels and vault maps discovered:
D:1:      tarquinn_simple_flora_water_c, layout_basic, bh_walls_and_bars
D:2:      layout_basic, minmay_shallow_snake_nest
D:3:      layout_rooms
D:4:      layout_layer_cave, serial_shops, nicolae_square_shop, minmay_cut_off,
          uniq_natasha
D:5:      layout_basic, minmay_temple_entry_arrows, gammafunk_ghost_grave,
          uniq_blork_the_orc, uniq_ijyb, uniq_edmund

Skill      XL: |  1  2  3  4  5  6 |
---------------+-------------------+-----
Stealth        | 3 4 5 |  5.2
Dodging        | 3 |  3.7
Spellcasting   | 3 |  3.4
Hexes          | 1 2 |  2.0
Fighting       | 1 |  1.8
Summonings     | 5 |  5.0

Action                   |  1- 3 |  4- 6 |  7- 9 || total
-------------------------+-------+-------+-------++-------
Melee: Unarmed           |    30 |       |       ||    30
       Constrict         |    10 |     5 |       ||    15
       Tentacles         |     5 |     5 |       ||    10
       Flail             |     7 |     5 |       ||    12
       Long sword        |       |    19 |       ||    19
 Cast: Summon Small Mamm |    53 |    34 |     3 ||    90
       Call Imp          |    12 |    12 |       ||    24
       Call Canine Famil |     4 |    21 |     2 ||    27
       Summon Guardian G |       |       |     1 ||     1
  Use: Scroll            |       |     7 |       ||     7
       Potion            |       |     2 |       ||     2
 Stab: Sleeping          |     4 |     2 |       ||     6
Armor: Skin              |     7 |     1 |       ||     8
Dodge: Dodged            |    18 |    19 |     1 ||    38
